cohdb
Replays
Latest Replays
All Replays
Popular Replays
Top Player Replays
Match Explorer
How It Works
Community
CoH3 Stats
Reddit
Sign in to upload your games and track your stats! →
Sign in with Steam
Match 41159873
Unlisted
Match 41159873
Overview
Messages
Build Orders
End
Royal Engineer Section
Construct Section Command Post
Selects Canadian Shock Battlegroup
Infantry Section
Infantry Section
Vickers Machine Gun Team
Construct Platoon Command Post
Selects Offensive Resupply
Selects Attacking Spirit
Selects Canadian Shock Section
Selects Incendiary Munitions
Humber Armored Car
Construct Field Infirmary
Canadian Shock Section
Selects Pyrotechnics
Grenade Package
Infantry Training
Canadian Shock Section
Bootyquake
Sandman
0
0
Comments
sign in to comment!
No comments posted yet!